Nordiques vs Flyers (R1)

Created - 4 décembre 2016 at 08:01

Goals
1 2 3 OT1 T
Nordiques 0 0 2 1 3
Flyers 1 0 1 0 2
Shots
1 2 3 OT1 T
Nordiques 10 7 7 1 25
Flyers 15 16 5 2 38

1st period

1. Flyers , Mats Zuccarello 3 (Pavel Kubina) at 7:22

Penalties :
Dustin Byfuglien (Que) for High sticking (Minor) at 10:46, Alexei Morozov (Phi) for High sticking (Minor) at 19:24

2nd period

No Goal

Penalties :
Alexei Morozov (Phi) for Tripping (Minor) at 16:28

3rd period

2. Nordiques , R.J. Umberger 11 (Chris Drury, Dustin Byfuglien) at 0:08
3. Nordiques , Michael Ryder 2 (Jarret Stoll) at 5:37
4. Flyers , Brock Nelson 4 (Jonathan Ericsson, Jeff Carter) at 10:41

Penalties :
Dany Heatley (Phi) for Interference (Minor) at 1:57, Nikita Kucherov (Que) for Holding (Minor) at 5:59, Brock Nelson (Phi) for Interference (Minor) at 8:20, Alexei Morozov (Phi) for Hooking (Minor) at 17:20

Overtime #1

5. Nordiques , Fedor Tyutin 2 (R.J. Umberger, Chris Drury) at 4:11

Penalties :
No Penalty

Goalie Stats

Martin Brodeur (Que), 36 saves from 38 shots - (0,947), W, 8-4-1, 64:11 minutes
Cory Schneider (Phi), 22 saves from 25 shots - (0,880), OTL, 9-1-2, 64:11 minutes

Players Stats for Nordiques

Player Name              G  A  P  +/- PIM S  H  SB GA TA FO     MP     PP MP  PK MP  
------------------------------------------------------------------------------------
Chris Drury              0  2  2   1  0   3  3  0  0  1  17/25  24:10   5:44   2:26 
Dmitry Kulikov           0  0  0   0  0   1  0  1  0  1  0/0    25:41   3:55   2:03 
Dustin Byfuglien         0  1  1   2  2   6  2  1  0  0  0/0    27:10   6:07   0:39 
Fedor Tyutin             1  0  1   2  0   4  1  2  0  0  0/0    27:07   6:00   0:39 
Jarret Stoll             0  1  1   1  0   0  2  1  0  0  4/8    13:47   0:00   1:32 
Jean-Pierre Dumont       0  0  0  -1  0   1  1  1  0  0  0/0    20:02   4:09   0:00 
Kyle Calder              0  0  0   0  0   0  3  1  0  0  0/1    19:11   4:09   0:35 
Mark Eaton               0  0  0  -1  0   0  0  0  1  0  0/0     6:33   0:00   1:16 
Matt Moulson             0  0  0   1  0   0  0  0  1  0  0/0    12:05   0:09   0:00 
Michael Ryder            1  0  1   1  0   2  0  0  1  0  0/1    11:57   0:02   0:00 
Nikita Kucherov          0  0  0   1  2   1  1  0  0  0  1/3    21:05   5:37   0:00 
Nikolai Kulemin          0  0  0  -1  0   0  1  0  0  0  0/0     6:49   0:09   0:00 
Pascal Dupuis            0  0  0  -1  0   1  0  1  0  0  0/3     8:47   0:00   2:26 
R.J. Umberger            1  1  2   2  0   2  3  0  0  1  0/1    20:37   5:37   0:00 
Rich Peverley            0  0  0  -1  0   0  3  0  0  0  1/1     7:18   0:00   0:57 
Ryan Ellis               0  0  0   0  0   2  0  0  0  1  0/0    24:46   3:48   0:43 
T.J. Fast                0  0  0  -1  0   0  3  3  2  0  0/0    17:01   0:00   2:36 
Vaclav Prospal           0  0  0  -1  0   2  2  1  0  0  3/10   18:38   4:09   0:00 

Players Stats for Flyers

Player Name              G  A  P  +/- PIM S  H  SB GA TA FO     MP     PP MP  PK MP  
------------------------------------------------------------------------------------
Alexei Morozov           0  0  0  -1  6   3  1  1  0  1  1/1    19:39   2:16   0:00 
Brock Nelson             1  0  1   1  2   1  0  0  0  0  0/1     9:23   0:00   0:00 
Chris Kreider            0  0  0  -1  0   2  4  0  0  0  1/2    20:02   2:16   1:31 
Dany Heatley             0  0  0   0  2   6  1  1  0  0  1/1    16:55   1:42   0:00 
Jeff Carter              0  1  1   0  0   4  1  0  0  0  12/20  21:02   2:16   1:21 
Jeff O'Neill             0  0  0   0  0   0  1  0  0  0  1/1     9:58   0:00   2:38 
Jeff Woywitka            0  0  0  -1  0   1  1  1  1  2  0/0    29:12   2:26   5:46 
John-Michael Liles       0  0  0  -1  0   2  3  1  1  0  0/0    23:25   1:32   3:29 
Jonathan Ericsson        0  1  1  -1  0   3  0  3  0  0  0/0    29:12   2:26   5:46 
Kyle Wellwood            0  0  0  -1  0   4  0  0  0  0  5/12   18:00   1:42   0:00 
Loui Eriksson            0  0  0   0  0   5  3  1  0  0  2/3    17:16   1:42   0:00 
Mats Zuccarello          1  0  1   0  0   3  2  0  0  0  0/0    15:29   0:00   5:46 
Matthew Lombardi         0  0  0   0  0   1  1  1  1  0  4/12   15:11   0:00   5:56 
Nathan Paetsch           0  0  0   1  0   3  1  1  0  0  0/0    14:23   0:00   3:29 
Pavel Kubina             0  1  1  -1  0   0  0  1  0  2  0/0    20:36   1:32   0:40 
Rostislav Olesz          0  0  0   0  0   0  0  0  1  0  0/0     9:19   0:00   2:38 
Stefan Ruzicka           0  0  0   0  0   0  2  0  0  0  0/0     6:08   0:00   0:00 
Victor Bartley           0  0  0   1  0   0  0  2  0  0  0/0    11:34   0:00   0:40 

3 Stars

1 - R.J. Umberger (Que)
2 - Fedor Tyutin (Que)
3 - Chris Drury (Que)

Power Play

Nordiques - 0 on 5 Attempt(s) - 0,00%
Flyers - 0 on 2 Attempt(s) - 0,00%

Penalty Kill

Nordiques - 2 on 2 Attempt(s) - 100,00% - Score 0 goal in Penalty Kill
Flyers - 5 on 5 Attempt(s) - 100,00% - Score 0 goal in Penalty Kill

Team Stat

Nordiques - Hits : 25 - Faceoff Wins : 26 - Blocked Shots : 12 - Penalty Minutes : 4
Flyers - Hits : 21 - Faceoff Wins : 27 - Blocked Shots : 13 - Penalty Minutes : 10

Official

Referees : Walkom Stephen and Martell Rob
Linesman : Steve Barton and Jean Morin

Game Notes

Mark Eaton is injured at 4:14 of 2nd period (Broken Left Thumb)

Finance

Level 1 -- Attendance: 6000 (100,00%) -- Ticket Income 510 000 $
Level 2 -- Attendance: 5000 (100,00%) -- Ticket Income 250 000 $
Level 3 -- Attendance: 1797 (89,85%) -- Ticket Income 53 910 $
Level 4 -- Attendance: 3887 (97,18%) -- Ticket Income 77 740 $
Luxury Box -- Attendance: 883 (88,30%) -- Ticket Income 145 695 $
Game was played at the Wells Fargo Center.
Total Attendance: 17567 (97,59%)
Total Ticket Income: 1 037 345 $
Other Income: 155 602 $
Total Income: 1 192 947 $

Nordiques

5 vs 5 Forward 
   Center                   Left Wing                Right Wing               Time % Phy DF OF 
 1 Chris Drury              R.J. Umberger            Nikita Kucherov          40     0   0  5  
 2 Vaclav Prospal           Kyle Calder              Jean-Pierre Dumont       30     0   0  5  
 3 Jarret Stoll             Matt Moulson             Michael Ryder            20     0   0  5  
 4 Rich Peverley            Nikolai Kulemin          Pascal Dupuis            10     0   0  5  

5 vs 5 Defense 
   Defense                  Defense                                           Time % Phy DF OF 
 1 Fedor Tyutin             Dustin Byfuglien                                  40     1   1  3  
 2 Ryan Ellis               Dmitry Kulikov                                    30     1   1  3  
 3 T.J. Fast                Mark Eaton                                        20     1   3  1  
 4 Fedor Tyutin             Dustin Byfuglien                                  10     1   1  3  

PowerPlay Forward 
   Center                   Left Wing                Right Wing               Time % Phy DF OF 
 1 Chris Drury              R.J. Umberger            Nikita Kucherov          60     0   0  5  
 2 Vaclav Prospal           Kyle Calder              Jean-Pierre Dumont       40     0   0  5  

PowerPlay Defense
   Defense                  Defense                                           Time % Phy DF OF 
 1 Fedor Tyutin             Dustin Byfuglien                                  60     1   0  4  
 2 Ryan Ellis               Dmitry Kulikov                                    40     1   0  4  

Penalty Kill 4 Players Forward 
   Center                   Wing                     Time % Phy DF OF 
 1 Pascal Dupuis            Chris Drury              60     1   3  1  
 2 Jarret Stoll             Rich Peverley            40     1   3  1  

Penalty Kill 4 Players Defense
   Defense                  Defense                  Time % Phy DF OF 
 1 T.J. Fast                Mark Eaton               60     2   3  0  
 2 Ryan Ellis               Dmitry Kulikov           40     2   3  0  

Penalty Kill - 3 Players Forward 
   Forward                                           Time % Phy DF OF 
 1 Pascal Dupuis                                     60     1   4  0  
 2 Jarret Stoll                                      40     2   3  0  

Penalty Kill - 3 Players Defense
   Defense                  Defense                  Time % Phy DF OF 
 1 T.J. Fast                Mark Eaton               60     1   4  0  
 2 Dustin Byfuglien         Dmitry Kulikov           40     1   4  0  

4 vs 4 Forward 
   Center                   Wing                     Time % Phy DF OF 
 1 Chris Drury              Jean-Pierre Dumont       60     1   1  3  
 2 Vaclav Prospal           Nikita Kucherov          40     1   1  3  

4 vs 4 Defense
   Defense                  Defense                  Time % Phy DF OF 
 1 Ryan Ellis               Dmitry Kulikov           60     1   3  1  
 2 Fedor Tyutin             Dustin Byfuglien         40     1   3  1  

Last Minutes Offensive
   Center                   Left Wing                Right Wing               Defense                  Defense                  
   Chris Drury              R.J. Umberger            Nikita Kucherov          Ryan Ellis               Dmitry Kulikov           

Last Minutes Defensive
   Center                   Left Wing                Right Wing               Defense                  Defense                  
   Pascal Dupuis            Rich Peverley            Vaclav Prospal           T.J. Fast                Mark Eaton               

Goaltenders
Starting : Martin Brodeur           
Backup : Julien Ellis             

Extra Forwards
Normal : Chris Drury, Nikita Kucherov, R.J. Umberger - PP : Matt Moulson, Nikolai Kulemin - PK : Rich Peverley
Extra Defensemen
Normal : Fedor Tyutin, Ryan Ellis, Dustin Byfuglien - PP : Fedor Tyutin - PK : Dmitry Kulikov, T.J. Fast
Penalty Shots
R.J. Umberger, Chris Drury, Vaclav Prospal, Jean-Pierre Dumont, Kyle Calder

Flyers

5 vs 5 Forward 
   Center                   Left Wing                Right Wing               Time % Phy DF OF 
 1 Jeff Carter              Chris Kreider            Alexei Morozov           40     1   1  3  
 2 Kyle Wellwood            Dany Heatley             Loui Eriksson            40     1   1  3  
 3 Matthew Lombardi         Brock Nelson             Mats Zuccarello          15     0   3  2  
 4 Jeff O'Neill             Rostislav Olesz          Stefan Ruzicka           5      0   3  2  

5 vs 5 Defense 
   Defense                  Defense                                           Time % Phy DF OF 
 1 Jonathan Ericsson        Jeff Woywitka                                     40     0   3  2  
 2 Pavel Kubina             John-Michael Liles                                40     0   3  2  
 3 Nathan Paetsch           Victor Bartley                                    15     0   5  0  
 4 Jonathan Ericsson        Pavel Kubina                                      5      0   3  2  

PowerPlay Forward 
   Center                   Left Wing                Right Wing               Time % Phy DF OF 
 1 Jeff Carter              Chris Kreider            Alexei Morozov           60     0   0  5  
 2 Kyle Wellwood            Dany Heatley             Loui Eriksson            40     0   0  5  

PowerPlay Defense
   Defense                  Defense                                           Time % Phy DF OF 
 1 Jonathan Ericsson        Jeff Woywitka                                     60     0   2  3  
 2 Pavel Kubina             John-Michael Liles                                40     0   3  2  

Penalty Kill 4 Players Forward 
   Center                   Wing                     Time % Phy DF OF 
 1 Matthew Lombardi         Mats Zuccarello          60     0   5  0  
 2 Jeff O'Neill             Rostislav Olesz          40     0   5  0  

Penalty Kill 4 Players Defense
   Defense                  Defense                  Time % Phy DF OF 
 1 Jeff Woywitka            Jonathan Ericsson        60     0   5  0  
 2 John-Michael Liles       Nathan Paetsch           40     0   5  0  

Penalty Kill - 3 Players Forward 
   Forward                                           Time % Phy DF OF 
 1 Matthew Lombardi                                  60     0   5  0  
 2 Jeff O'Neill                                      40     0   5  0  

Penalty Kill - 3 Players Defense
   Defense                  Defense                  Time % Phy DF OF 
 1 Jonathan Ericsson        Jeff Woywitka            60     0   5  0  
 2 Nathan Paetsch           John-Michael Liles       40     0   5  0  

4 vs 4 Forward 
   Center                   Wing                     Time % Phy DF OF 
 1 Jeff Carter              Alexei Morozov           60     1   1  3  
 2 Kyle Wellwood            Loui Eriksson            40     0   2  3  

4 vs 4 Defense
   Defense                  Defense                  Time % Phy DF OF 
 1 Jeff Woywitka            Jonathan Ericsson        60     0   3  2  
 2 Pavel Kubina             John-Michael Liles       40     0   3  2  

Last Minutes Offensive
   Center                   Left Wing                Right Wing               Defense                  Defense                  
   Jeff Carter              Dany Heatley             Alexei Morozov           Pavel Kubina             Jonathan Ericsson        

Last Minutes Defensive
   Center                   Left Wing                Right Wing               Defense                  Defense                  
   Matthew Lombardi         Dany Heatley             Loui Eriksson            Jeff Woywitka            Nathan Paetsch           

Goaltenders
Starting : Cory Schneider           
Backup : Viktor Fasth             

Extra Forwards
Normal : Jeff Carter, Kyle Wellwood, Alexei Morozov - PP : Jeff Carter, Kyle Wellwood - PK : Matthew Lombardi
Extra Defensemen
Normal : Jonathan Ericsson, Jeff Woywitka, Pavel Kubina - PP : Pavel Kubina - PK : Jeff Woywitka, Jonathan Ericsson
Penalty Shots
Loui Eriksson, Jeff Carter, Dany Heatley, Kyle Wellwood, Alexei Morozov

% Time on Ice - Nordiques

Lines # - Real PCT - Wanted PCT - Time Play
Normal Forward
1 - 32% - 40% - 14:52
2 - 29% - 30% - 13:35
3 - 25% - 20% - 11:19
4 - 14% - 10% - 6:21
Normal Defense
1 - 30% - 40% - 13:58
2 - 34% - 30% - 15:38
3 - 32% - 20% - 14:43
4 - 4% - 10% - 1:48
PP Forward
1 - 58% - 60% - 5:46
2 - 42% - 40% - 4:09
PP Defense
1 - 62% - 60% - 6:07
2 - 38% - 40% - 3:48
PK Forward
1 - 76% - 60% - 3:01
2 - 24% - 40% - 0:57
PK Defense
1 - 82% - 60% - 3:15
2 - 18% - 40% - 0:43
PK3 Forward
1 - 0% - 60%
2 - 0% - 40%
PK3 Defense
1 - 0% - 60%
2 - 0% - 40%
44 Forward
1 - 78% - 60% - 3:17
2 - 22% - 40% - 0:54
44 Defense
1 - 61% - 60% - 2:34
2 - 39% - 40% - 1:37
Last Minute Offensive  - 0:00
Last Minute Defensive  - 0:00
Total
Forward - 64:11
Defense - 64:11

% Time on Ice - Flyers

Lines # - Real PCT - Wanted PCT - Time Play
Normal Forward
1 - 34% - 40% - 15:43
2 - 33% - 40% - 15:14
3 - 20% - 15% - 9:02
4 - 13% - 5% - 6:08
Normal Defense
1 - 41% - 40% - 18:57
2 - 35% - 40% - 16:16
3 - 24% - 15% - 10:54
4 - 0% - 5% - 0:00
PP Forward
1 - 57% - 60% - 2:16
2 - 43% - 40% - 1:42
PP Defense
1 - 61% - 60% - 2:26
2 - 39% - 40% - 1:32
PK Forward
1 - 73% - 60% - 7:17
2 - 27% - 40% - 2:38
PK Defense
1 - 65% - 60% - 6:26
2 - 35% - 40% - 3:29
PK3 Forward
1 - 0% - 60%
2 - 0% - 40%
PK3 Defense
1 - 0% - 60%
2 - 0% - 40%
44 Forward
1 - 80% - 60% - 3:20
2 - 20% - 40% - 0:51
44 Defense
1 - 49% - 60% - 2:03
2 - 51% - 40% - 2:08
Last Minute Offensive  - 0:00
Last Minute Defensive  - 0:00
Total
Forward - 64:11
Defense - 64:11

Play by Play

1st period


0:01 of 1st period - Chris Drury wins face-off versus Jeff Carter in neutral zone.
0:48 of 1st period - R.J. Umberger is hit by Dany Heatley and loses puck.
0:55 of 1st period - Snap shot by Kyle Wellwood.
0:55 of 1st period - Shot Misses the Net.
0:57 of 1st period - Slapshot by Nathan Paetsch.
0:57 of 1st period - Stopped by Martin Brodeur with a rebound.
0:59 of 1st period - Slapshot by Nathan Paetsch.
0:59 of 1st period - Stopped by Martin Brodeur with a rebound.
1:15 of 1st period - Wrist shot by Rostislav Olesz.
1:15 of 1st period - Deflect By Dustin Byfuglien.
1:15 of 1st period - Shot Misses the Net.
1:15 of 1st period - Puck is out of play.
1:16 of 1st period - Jarret Stoll wins face-off versus Chris Kreider in Nordiques zone.
2:03 of 1st period - Pavel Kubina is hit by Rich Peverley and loses puck.
2:12 of 1st period - Snap shot by Pascal Dupuis.
2:12 of 1st period - Stopped by Cory Schneider with a rebound.
2:14 of 1st period - Backhand shot by Pascal Dupuis.
2:14 of 1st period - Shot Misses the Net.
2:32 of 1st period - Snap shot by Michael Ryder.
2:32 of 1st period - Shot Misses the Net.
2:48 of 1st period - Snap shot by Rostislav Olesz.
2:48 of 1st period - Shot Blocked by Dustin Byfuglien.
3:33 of 1st period - Snap shot by Alexei Morozov.
3:33 of 1st period - Shot Misses the Net.
4:30 of 1st period - John-Michael Liles is hit by Vaclav Prospal and loses puck.
4:47 of 1st period - Fedor Tyutin is hit by John-Michael Liles and loses puck.
4:52 of 1st period - Wrist shot by Alexei Morozov.
4:52 of 1st period - Stopped by Martin Brodeur without a rebound.
4:53 of 1st period - Chris Drury wins face-off versus Kyle Wellwood in Nordiques zone.
5:04 of 1st period - Snap shot by Nikita Kucherov.
5:04 of 1st period - Shot Misses the Net.
5:09 of 1st period - Off-side.
5:10 of 1st period - Jeff Carter wins face-off versus Vaclav Prospal in neutral zone.
6:21 of 1st period - Snap shot by Mark Eaton.
6:21 of 1st period - Shot Misses the Net.
7:15 of 1st period - Mark Eaton is hit by Matthew Lombardi and loses puck.
7:22 of 1st period - Wrist shot by Mats Zuccarello.
7:22 of 1st period - Goal by Mats Zuccarello - Nordiques : 0 - Flyers : 1.
7:23 of 1st period - Chris Drury wins face-off versus Jeff Carter in neutral zone.
7:32 of 1st period - Wrist shot by R.J. Umberger.
7:32 of 1st period - Shot Misses the Net.
8:09 of 1st period - Michael Ryder is hit by Nathan Paetsch and loses puck.
8:38 of 1st period - Snap shot by Alexei Morozov.
8:38 of 1st period - Shot Hit the Post.
8:40 of 1st period - Snap shot by Chris Kreider.
8:40 of 1st period - Stopped by Martin Brodeur with a rebound.
9:19 of 1st period - Off-side.
9:20 of 1st period - Chris Drury wins face-off versus Kyle Wellwood in neutral zone.
9:36 of 1st period - Snap shot by Loui Eriksson.
9:36 of 1st period - Stopped by Martin Brodeur with a rebound.
9:54 of 1st period - Off-side.
9:55 of 1st period - Chris Drury wins face-off versus Kyle Wellwood in neutral zone.
10:06 of 1st period - Slapshot by Nikita Kucherov.
10:06 of 1st period - Shot Misses the Net.
10:24 of 1st period - Wrist shot by Dany Heatley.
10:24 of 1st period - Stopped by Martin Brodeur without a rebound.
10:25 of 1st period - Jeff Carter wins face-off versus Vaclav Prospal in Nordiques zone.
10:26 of 1st period - Slapshot by Alexei Morozov.
10:26 of 1st period - Shot Blocked by Fedor Tyutin.
10:28 of 1st period - Slapshot by John-Michael Liles.
10:28 of 1st period - Stopped by Martin Brodeur with a rebound.
10:30 of 1st period - Slapshot by Alexei Morozov.
10:30 of 1st period - Shot Misses the Net.
10:32 of 1st period - Slapshot by John-Michael Liles.
10:32 of 1st period - Shot Misses the Net.
10:34 of 1st period - Snap shot by Chris Kreider.
10:34 of 1st period - Stopped by Martin Brodeur with a rebound.
10:36 of 1st period - Slapshot by John-Michael Liles.
10:36 of 1st period - Shot Blocked by Fedor Tyutin.
10:38 of 1st period - Wrist shot by John-Michael Liles.
10:38 of 1st period - Shot Blocked by Kyle Calder.
10:40 of 1st period - Slapshot by John-Michael Liles.
10:40 of 1st period - Shot Misses the Net.
10:46 of 1st period - Minor Penalty to Dustin Byfuglien for High sticking.
10:47 of 1st period - Jeff Carter wins face-off versus Pascal Dupuis in Nordiques zone.
10:58 of 1st period - Slapshot by Jeff Carter.
10:58 of 1st period - Shot Blocked by Pascal Dupuis.
11:00 of 1st period - Snap shot by Alexei Morozov.
11:00 of 1st period - Stopped by Martin Brodeur with a rebound.
11:02 of 1st period - Wrist shot by Jonathan Ericsson.
11:02 of 1st period - Stopped by Martin Brodeur without a rebound.
11:03 of 1st period - Jeff Carter wins face-off versus Pascal Dupuis in Nordiques zone.
11:12 of 1st period - T.J. Fast is hit by Jeff Carter and loses puck.
12:09 of 1st period - Jarret Stoll is hit by John-Michael Liles and loses puck.
12:46 of 1st period - Penalty to Dustin Byfuglien is over, Dustin Byfuglien is back on ice.
12:52 of 1st period - Slapshot by Dustin Byfuglien.
12:52 of 1st period - Shot Blocked by John-Michael Liles.
13:30 of 1st period - Snap shot by Matthew Lombardi.
13:30 of 1st period - Stopped by Martin Brodeur without a rebound.
13:31 of 1st period - Rich Peverley wins face-off versus Brock Nelson in Nordiques zone.
14:43 of 1st period - Snap shot by Matt Moulson.
14:43 of 1st period - Shot Misses the Net.
14:45 of 1st period - Slapshot by Ryan Ellis.
14:45 of 1st period - Stopped by Cory Schneider with a rebound.
14:57 of 1st period - Chris Kreider is hit by Rich Peverley and loses puck.
15:05 of 1st period - Icing by Chris Kreider.
15:06 of 1st period - Chris Kreider wins face-off versus Chris Drury in Flyers zone.
16:05 of 1st period - Jeff Woywitka is hit by Kyle Calder and loses puck.
16:24 of 1st period - Snap shot by Kyle Calder.
16:24 of 1st period - Shot Misses the Net.
16:26 of 1st period - Slapshot by Dustin Byfuglien.
16:26 of 1st period - Stopped by Cory Schneider with a rebound.
16:32 of 1st period - Wrist shot by Vaclav Prospal.
16:32 of 1st period - Stopped by Cory Schneider with a rebound.
16:34 of 1st period - Slapshot by Dustin Byfuglien.
16:34 of 1st period - Stopped by Cory Schneider with a rebound.
16:36 of 1st period - Wrist shot by Jean-Pierre Dumont.
16:36 of 1st period - Shot Blocked by Jonathan Ericsson.
16:38 of 1st period - Wrist shot by Vaclav Prospal.
16:38 of 1st period - Stopped by Cory Schneider with a rebound.
16:40 of 1st period - Slapshot by Fedor Tyutin.
16:40 of 1st period - Shot Misses the Net.
16:56 of 1st period - Snap shot by Jean-Pierre Dumont.
16:56 of 1st period - Shot Misses the Net.
16:58 of 1st period - Wrist shot by Dustin Byfuglien.
16:58 of 1st period - Stopped by Cory Schneider with a rebound.
17:00 of 1st period - Wrist shot by Fedor Tyutin.
17:00 of 1st period - Stopped by Cory Schneider without a rebound.
17:01 of 1st period - Chris Drury wins face-off versus Kyle Wellwood in Flyers zone.
17:06 of 1st period - Snap shot by Chris Drury.
17:06 of 1st period - Stopped by Cory Schneider with a rebound.
17:08 of 1st period - Wrist shot by Dmitry Kulikov.
17:08 of 1st period - Shot Blocked by Loui Eriksson.
17:14 of 1st period - Snap shot by R.J. Umberger.
17:14 of 1st period - Shot Misses the Net.
17:16 of 1st period - Wrist shot by Ryan Ellis.
17:16 of 1st period - Stopped by Cory Schneider without a rebound.
17:17 of 1st period - Dany Heatley wins face-off versus Jarret Stoll in Flyers zone.
17:17 of 1st period - Dany Heatley is hit by Jarret Stoll.
17:26 of 1st period - Wrist shot by Loui Eriksson.
17:26 of 1st period - Stopped by Martin Brodeur with a rebound.
17:28 of 1st period - Slapshot by Kyle Wellwood.
17:28 of 1st period - Shot Misses the Net.
18:12 of 1st period - Wrist shot by Jeff Carter.
18:12 of 1st period - Shot Misses the Net.
18:14 of 1st period - Snap shot by Jonathan Ericsson.
18:14 of 1st period - Stopped by Martin Brodeur with a rebound.
18:46 of 1st period - Dmitry Kulikov is hit by John-Michael Liles and loses puck.
19:07 of 1st period - Wrist shot by Matthew Lombardi.
19:07 of 1st period - Shot Blocked by Jarret Stoll.
19:09 of 1st period - Slapshot by Nathan Paetsch.
19:09 of 1st period - Stopped by Martin Brodeur without a rebound.
19:10 of 1st period - Alexei Morozov wins face-off versus Jarret Stoll in Nordiques zone.
19:24 of 1st period - Minor Penalty to Alexei Morozov for High sticking.
19:25 of 1st period - Chris Drury wins face-off versus Matthew Lombardi in Flyers zone.
Goals for this period are 0 for Nordiques vs 1 for Flyers.
Shots for this period are 10 for Nordiques vs 15 for Flyers.

2nd period


0:01 of 2nd period - Chris Drury wins face-off versus Matthew Lombardi in neutral zone.
0:52 of 2nd period - Nathan Paetsch is hit by Jean-Pierre Dumont and loses puck.
1:24 of 2nd period - Penalty to Alexei Morozov is over, Alexei Morozov is back on ice.
2:02 of 2nd period - Mark Eaton is hit by Chris Kreider and loses puck.
2:27 of 2nd period - Snap shot by Stefan Ruzicka.
2:27 of 2nd period - Shot Blocked by T.J. Fast.
2:29 of 2nd period - Slapshot by Pavel Kubina.
2:29 of 2nd period - Shot Blocked by T.J. Fast.
2:31 of 2nd period - Slapshot by John-Michael Liles.
2:31 of 2nd period - Stopped by Martin Brodeur without a rebound.
2:32 of 2nd period - Chris Drury wins face-off versus Kyle Wellwood in Nordiques zone.
2:37 of 2nd period - Snap shot by Kyle Wellwood.
2:37 of 2nd period - Shot Misses the Net.
2:39 of 2nd period - Slapshot by Kyle Wellwood.
2:39 of 2nd period - Stopped by Martin Brodeur with a rebound.
2:41 of 2nd period - Wrist shot by Loui Eriksson.
2:41 of 2nd period - Stopped by Martin Brodeur without a rebound.
2:42 of 2nd period - Kyle Wellwood wins face-off versus Chris Drury in Nordiques zone.
3:23 of 2nd period - Wrist shot by Dany Heatley.
3:23 of 2nd period - Stopped by Martin Brodeur without a rebound.
3:24 of 2nd period - Vaclav Prospal wins face-off versus Jeff Carter in Nordiques zone.
3:31 of 2nd period - Backhand shot by Dmitry Kulikov.
3:31 of 2nd period - Stopped by Cory Schneider with a rebound.
4:13 of 2nd period - Mark Eaton is hit by Stefan Ruzicka.
4:14 of 2nd period - Mark Eaton from Nordiques is injured at 4:14 of 2nd period (Broken Left Thumb).
4:15 of 2nd period - Chris Drury wins face-off versus Kyle Wellwood in Nordiques zone.
4:28 of 2nd period - Snap shot by Kyle Wellwood.
4:28 of 2nd period - Stopped by Martin Brodeur with a rebound.
4:30 of 2nd period - Snap shot by Dany Heatley.
4:30 of 2nd period - Stopped by Martin Brodeur with a rebound.
5:01 of 2nd period - Slapshot by Fedor Tyutin.
5:01 of 2nd period - Deflect By Michael Ryder.
5:01 of 2nd period - Shot Blocked by Jeff Woywitka.
5:01 of 2nd period - Puck is out of play.
5:02 of 2nd period - Jarret Stoll wins face-off versus Matthew Lombardi in Flyers zone.
5:03 of 2nd period - Snap shot by Michael Ryder.
5:03 of 2nd period - Shot Misses the Net.
5:47 of 2nd period - Off-side.
5:48 of 2nd period - Jeff Carter wins face-off versus Vaclav Prospal in neutral zone.
6:19 of 2nd period - Snap shot by Dustin Byfuglien.
6:19 of 2nd period - Shot Misses the Net.
6:29 of 2nd period - John-Michael Liles is hit by Dustin Byfuglien and loses puck.
6:38 of 2nd period - Slapshot by Loui Eriksson.
6:38 of 2nd period - Stopped by Martin Brodeur with a rebound.
6:54 of 2nd period - Snap shot by Kyle Wellwood.
6:54 of 2nd period - Stopped by Martin Brodeur with a rebound.
6:56 of 2nd period - Snap shot by Kyle Wellwood.
6:56 of 2nd period - Stopped by Martin Brodeur without a rebound.
6:57 of 2nd period - Jeff Carter wins face-off versus Vaclav Prospal in Nordiques zone.
7:12 of 2nd period - Snap shot by Jean-Pierre Dumont.
7:12 of 2nd period - Stopped by Cory Schneider with a rebound.
7:24 of 2nd period - Ryan Ellis is hit by Mats Zuccarello and loses puck.
7:50 of 2nd period - Slapshot by Dustin Byfuglien.
7:50 of 2nd period - Stopped by Cory Schneider with a rebound.
8:08 of 2nd period - Victor Bartley is hit by Vaclav Prospal and loses puck.
8:43 of 2nd period - T.J. Fast is hit by Mats Zuccarello and loses puck.
8:58 of 2nd period - T.J. Fast is hit by Jeff O'Neill and loses puck.
9:05 of 2nd period - Nathan Paetsch is hit by Kyle Calder and loses puck.
9:24 of 2nd period - Jeff Carter is hit by Jarret Stoll and loses puck.
9:44 of 2nd period - Dmitry Kulikov is hit by Loui Eriksson and loses puck.
9:57 of 2nd period - Dmitry Kulikov is hit by Jeff Woywitka and loses puck.
10:06 of 2nd period - Snap shot by Mats Zuccarello.
10:06 of 2nd period - Stopped by Martin Brodeur without a rebound.
10:07 of 2nd period - Jeff Carter wins face-off versus Vaclav Prospal in Nordiques zone.
10:10 of 2nd period - Wrist shot by Alexei Morozov.
10:10 of 2nd period - Shot Misses the Net.
10:21 of 2nd period - Icing by T.J. Fast.
10:22 of 2nd period - Loui Eriksson wins face-off versus Kyle Calder in Nordiques zone.
10:27 of 2nd period - Snap shot by Kyle Wellwood.
10:27 of 2nd period - Shot Blocked by T.J. Fast.
10:29 of 2nd period - Snap shot by John-Michael Liles.
10:29 of 2nd period - Deflect By Dany Heatley.
10:29 of 2nd period - Stopped by Martin Brodeur with a rebound.
12:10 of 2nd period - Backhand shot by Michael Ryder.
12:10 of 2nd period - Stopped by Cory Schneider without a rebound.
12:11 of 2nd period - Jeff Carter wins face-off versus Michael Ryder in Flyers zone.
12:15 of 2nd period - Off-side.
12:16 of 2nd period - Jeff Carter wins face-off versus Nikita Kucherov in neutral zone.
12:20 of 2nd period - Slapshot by Pavel Kubina.
12:20 of 2nd period - Deflect By Jeff Carter.
12:20 of 2nd period - Stopped by Martin Brodeur without a rebound.
12:21 of 2nd period - Jeff Carter wins face-off versus Nikita Kucherov in Nordiques zone.
12:36 of 2nd period - Wrist shot by Alexei Morozov.
12:36 of 2nd period - Stopped by Martin Brodeur without a rebound.
12:37 of 2nd period - Kyle Wellwood wins face-off versus Jarret Stoll in Nordiques zone.
13:04 of 2nd period - R.J. Umberger is hit by Chris Kreider and loses puck.
14:16 of 2nd period - Jeff Woywitka is hit by Rich Peverley and loses puck.
14:39 of 2nd period - Alexei Morozov is hit by T.J. Fast and loses puck.
15:00 of 2nd period - Snap shot by Mats Zuccarello.
15:00 of 2nd period - Stopped by Martin Brodeur without a rebound.
15:01 of 2nd period - Loui Eriksson wins face-off versus Jarret Stoll in Nordiques zone.
15:27 of 2nd period - John-Michael Liles is hit by R.J. Umberger and loses puck.
15:53 of 2nd period - Icing by Vaclav Prospal.
15:54 of 2nd period - Kyle Wellwood wins face-off versus Vaclav Prospal in Nordiques zone.
15:55 of 2nd period - Snap shot by Loui Eriksson.
15:55 of 2nd period - Shot Misses the Net.
16:03 of 2nd period - Snap shot by Loui Eriksson.
16:03 of 2nd period - Shot Blocked by Jean-Pierre Dumont.
16:05 of 2nd period - Wrist shot by Loui Eriksson.
16:05 of 2nd period - Stopped by Martin Brodeur with a rebound.
16:07 of 2nd period - Snap shot by Loui Eriksson.
16:07 of 2nd period - Shot Misses the Net.
16:09 of 2nd period - Snap shot by Dany Heatley.
16:09 of 2nd period - Stopped by Martin Brodeur with a rebound.
16:28 of 2nd period - Minor Penalty to Alexei Morozov for Tripping.
16:29 of 2nd period - Nikita Kucherov wins face-off versus Matthew Lombardi in Flyers zone.
16:29 of 2nd period - Slapshot by Chris Drury.
16:29 of 2nd period - Stopped by Cory Schneider without a rebound.
16:30 of 2nd period - Chris Drury wins face-off versus Matthew Lombardi in Flyers zone.
16:35 of 2nd period - Snap shot by Nikita Kucherov.
16:35 of 2nd period - Stopped by Cory Schneider with a rebound.
16:37 of 2nd period - Backhand shot by Dustin Byfuglien.
16:37 of 2nd period - Stopped by Cory Schneider without a rebound.
16:38 of 2nd period - Matthew Lombardi wins face-off versus Chris Drury in Flyers zone.
16:56 of 2nd period - Off-side.
16:57 of 2nd period - Vaclav Prospal wins face-off versus Matthew Lombardi in neutral zone.
17:22 of 2nd period - Mats Zuccarello is hit by R.J. Umberger and loses puck.
17:29 of 2nd period - Wrist shot by Chris Drury.
17:29 of 2nd period - Shot Blocked by Jonathan Ericsson.
18:28 of 2nd period - Penalty to Alexei Morozov is over, Alexei Morozov is back on ice.
18:43 of 2nd period - Loui Eriksson is hit by Fedor Tyutin.
18:59 of 2nd period - Chris Kreider is hit by T.J. Fast and loses puck.
19:20 of 2nd period - Jeff O'Neill is hit by T.J. Fast and loses puck.
Goals for this period are 0 for Nordiques vs 0 for Flyers.
Shots for this period are 7 for Nordiques vs 16 for Flyers.

3rd period


0:01 of 3rd period - Chris Drury wins face-off versus Jeff Carter in neutral zone.
0:08 of 3rd period - Wrist shot by R.J. Umberger.
0:08 of 3rd period - Goal by R.J. Umberger - Nordiques : 1 - Flyers : 1.
0:09 of 3rd period - Kyle Wellwood wins face-off versus Chris Drury in neutral zone.
0:40 of 3rd period - Jean-Pierre Dumont is hit by Chris Kreider and loses puck.
1:57 of 3rd period - Minor Penalty to Dany Heatley for Interference.
1:58 of 3rd period - Chris Drury wins face-off versus Matthew Lombardi in Flyers zone.
3:42 of 3rd period - Jonathan Ericsson is hit by Chris Drury and loses puck.
3:57 of 3rd period - Penalty to Dany Heatley is over, Dany Heatley is back on ice.
3:57 of 3rd period - Slapshot by Jonathan Ericsson.
3:57 of 3rd period - Stopped by Martin Brodeur with a rebound.
5:37 of 3rd period - Backhand shot by Michael Ryder.
5:37 of 3rd period - Goal by Michael Ryder - Nordiques : 2 - Flyers : 1.
5:38 of 3rd period - Chris Drury wins face-off versus Jeff Carter in neutral zone.
5:49 of 3rd period - Wrist shot by Chris Drury.
5:49 of 3rd period - Shot Blocked by Alexei Morozov.
5:59 of 3rd period - Minor Penalty to Nikita Kucherov for Holding.
6:00 of 3rd period - Chris Drury wins face-off versus Jeff Carter in Nordiques zone.
6:29 of 3rd period - Slapshot by Dany Heatley.
6:29 of 3rd period - Shot Misses the Net.
6:31 of 3rd period - Slapshot by Dany Heatley.
6:31 of 3rd period - Shot Misses the Net.
6:33 of 3rd period - Slapshot by Dany Heatley.
6:33 of 3rd period - Stopped by Martin Brodeur without a rebound.
6:34 of 3rd period - Jeff Carter wins face-off versus Pascal Dupuis in Nordiques zone.
6:59 of 3rd period - Chris Drury is hit by Loui Eriksson and loses puck.
7:46 of 3rd period - Jeff Carter is hit by Kyle Calder and loses puck.
7:59 of 3rd period - Penalty to Nikita Kucherov is over, Nikita Kucherov is back on ice.
8:20 of 3rd period - Minor Penalty to Brock Nelson for Interference.
8:21 of 3rd period - Chris Drury wins face-off versus Matthew Lombardi in Flyers zone.
8:25 of 3rd period - Wrist shot by R.J. Umberger.
8:25 of 3rd period - Shot Blocked by Nathan Paetsch.
8:27 of 3rd period - Slapshot by Dustin Byfuglien.
8:27 of 3rd period - Deflect By Mats Zuccarello.
8:27 of 3rd period - Stopped by Cory Schneider without a rebound.
8:28 of 3rd period - Matthew Lombardi wins face-off versus Chris Drury in Flyers zone.
8:39 of 3rd period - Wrist shot by R.J. Umberger.
8:39 of 3rd period - Deflect By Mats Zuccarello.
8:39 of 3rd period - Stopped by Cory Schneider with a rebound.
8:41 of 3rd period - Wrist shot by Fedor Tyutin.
8:41 of 3rd period - Stopped by Cory Schneider without a rebound.
8:42 of 3rd period - Matthew Lombardi wins face-off versus Chris Drury in Flyers zone.
8:53 of 3rd period - Snap shot by R.J. Umberger.
8:53 of 3rd period - Shot Misses the Net.
8:55 of 3rd period - Slapshot by Chris Drury.
8:55 of 3rd period - Stopped by Cory Schneider with a rebound.
8:57 of 3rd period - Snap shot by R.J. Umberger.
8:57 of 3rd period - Shot Blocked by Matthew Lombardi.
10:20 of 3rd period - Penalty to Brock Nelson is over, Brock Nelson is back on ice.
10:37 of 3rd period - Wrist shot by Jeff Carter.
10:37 of 3rd period - Stopped by Martin Brodeur with a rebound.
10:39 of 3rd period - Slapshot by Jonathan Ericsson.
10:39 of 3rd period - Shot Misses the Net.
10:41 of 3rd period - Backhand shot by Brock Nelson.
10:41 of 3rd period - Goal by Brock Nelson - Nordiques : 2 - Flyers : 2.
10:42 of 3rd period - Vaclav Prospal wins face-off versus Loui Eriksson in neutral zone.
11:44 of 3rd period - Slapshot by Matthew Lombardi.
11:44 of 3rd period - Shot Hit the Post.
12:18 of 3rd period - Dmitry Kulikov is hit by Loui Eriksson and loses puck.
12:44 of 3rd period - Slapshot by Kyle Wellwood.
12:44 of 3rd period - Shot Misses the Net.
13:02 of 3rd period - Kyle Wellwood is hit by Chris Drury and loses puck.
13:21 of 3rd period - Slapshot by Nikolai Kulemin.
13:21 of 3rd period - Shot Blocked by Victor Bartley.
13:27 of 3rd period - Nathan Paetsch is hit by Nikolai Kulemin and loses puck.
14:05 of 3rd period - Chris Drury is hit by Stefan Ruzicka and loses puck.
14:25 of 3rd period - Icing by Jeff Woywitka.
14:26 of 3rd period - Jarret Stoll wins face-off versus Jeff Carter in Flyers zone.
14:35 of 3rd period - Ryan Ellis is hit by Alexei Morozov.
15:24 of 3rd period - Icing by Jarret Stoll.
15:25 of 3rd period - Jarret Stoll wins face-off versus Kyle Wellwood in Nordiques zone.
16:20 of 3rd period - Snap shot by Jean-Pierre Dumont.
16:20 of 3rd period - Shot Misses the Net.
16:38 of 3rd period - Snap shot by Nikolai Kulemin.
16:38 of 3rd period - Shot Blocked by Victor Bartley.
16:40 of 3rd period - Wrist shot by Pascal Dupuis.
16:40 of 3rd period - Shot Blocked by Dany Heatley.
16:42 of 3rd period - Slapshot by Fedor Tyutin.
16:42 of 3rd period - Stopped by Cory Schneider with a rebound.
17:20 of 3rd period - Minor Penalty to Alexei Morozov for Hooking.
17:21 of 3rd period - Matthew Lombardi wins face-off versus Chris Drury in Flyers zone.
17:39 of 3rd period - Nathan Paetsch is hit by R.J. Umberger and loses puck.
18:06 of 3rd period - Rostislav Olesz is hit by Nikita Kucherov and loses puck.
19:20 of 3rd period - Penalty to Alexei Morozov is over, Alexei Morozov is back on ice.
19:35 of 3rd period - Wrist shot by Jeff Carter.
19:35 of 3rd period - Stopped by Martin Brodeur with a rebound.
19:53 of 3rd period - Kyle Calder is hit by Chris Kreider and loses puck.
Goals for this period are 2 for Nordiques vs 1 for Flyers.
Shots for this period are 7 for Nordiques vs 5 for Flyers.

Overtime #1


0:01 of 1st overtime period - Chris Drury wins face-off versus Jeff Carter in neutral zone.
0:32 of 1st overtime period - Jeff Carter is hit by Chris Drury and loses puck.
0:42 of 1st overtime period - Off-side.
0:43 of 1st overtime period - Kyle Wellwood wins face-off versus Vaclav Prospal in neutral zone.
0:48 of 1st overtime period - Slapshot by Jonathan Ericsson.
0:48 of 1st overtime period - Shot Blocked by Vaclav Prospal.
0:50 of 1st overtime period - Slapshot by Jeff Woywitka.
0:50 of 1st overtime period - Deflect By Fedor Tyutin.
0:50 of 1st overtime period - Stopped by Martin Brodeur without a rebound.
0:51 of 1st overtime period - Jeff Carter wins face-off versus Chris Drury in Nordiques zone.
0:56 of 1st overtime period - Snap shot by Jeff Carter.
0:56 of 1st overtime period - Shot Blocked by Dmitry Kulikov.
0:58 of 1st overtime period - Wrist shot by Jeff Carter.
0:58 of 1st overtime period - Stopped by Martin Brodeur with a rebound.
2:03 of 1st overtime period - Pavel Kubina is hit by Dustin Byfuglien and loses puck.
2:51 of 1st overtime period - Icing by Dmitry Kulikov.
2:52 of 1st overtime period - Jeff O'Neill wins face-off versus R.J. Umberger in Nordiques zone.
3:27 of 1st overtime period - Snap shot by Nikita Kucherov.
3:27 of 1st overtime period - Shot Blocked by Pavel Kubina.
4:07 of 1st overtime period - Slapshot by Fedor Tyutin.
4:07 of 1st overtime period - Shot Misses the Net.
4:09 of 1st overtime period - Snap shot by R.J. Umberger.
4:09 of 1st overtime period - Shot Blocked by Jonathan Ericsson.
4:11 of 1st overtime period - Slapshot by Fedor Tyutin.
4:11 of 1st overtime period - Goal by Fedor Tyutin - Nordiques : 3 - Flyers : 2.
Goals for this period are 1 for Nordiques vs 0 for Flyers.
Shots for this period are 1 for Nordiques vs 2 for Flyers.